 Dungeon Crawl Stone Soup version 0.28-a0-909-g796cbd3a86 (webtiles) character file.

Game seed: 4872924523033355503

294 ragingrage the Chopper (level 6, -3/47 HPs)
             Began as a Palentonga Warper on Nov 24, 2021.
             Was a Believer of Wu Jian.
             Slain by a water moccasin (7 damage)
             ... on level 4 of the Dungeon.
             The game lasted 00:05:24 (3767 turns).

ragingrage the Chopper (Palentonga Warper)          Turns: 3767, Time: 00:05:25

Health: -3/47      AC:  5    Str: 16    XL:     6   Next: 11%
Magic:  9/9        EV:  8    Int: 13    God:    Wu Jian [**....]
Gold:   201        SH:  3    Dex: 10    Spells: 7/9 levels left

rFire   . . .      SeeInvis +   a - +0 hand axe
rCold   . . .      Faith    .   m - +0 buckler
rNeg    . . .      Spirit   .   b - +0 leather armour
rPois   .          Reflect  .   i - +0 helmet
rElec   .          Harm     .   (no cloak)
rCorr   .          Rampage  .   (no gloves)
Will    .....                   (no barding)
Stlth   +.........              h - amulet of regeneration
HPRegen 1.15/turn               (no ring)
MPRegen 0.11/turn               (no ring)

@: lethally poisoned (-3 -> -5)
A: large, rugged brown scales 3, see invisible, deformed body, roll 1, armoured
tail
a: Rolling Charge, Renounce Religion, Wall Jump


You were on level 4 of the Dungeon.
You worshipped Wu Jian.
Wu Jian was pleased with you.
You visited 1 branch of the dungeon, and saw 4 of its levels.

You collected 201 gold pieces.

Inventory:

Hand Weapons
 a - a +0 hand axe (weapon)
 s - a +1 dagger of electrocution
Missiles
 d - 5 boomerangs of dispersal
Armour
 b - a +0 leather armour (worn)
 i - a +0 helmet (worn)
 m - a +0 buckler (worn)
 z - a +2 chain mail of poison resistance
Jewellery
 e - a ring of ice
 h - an amulet of regeneration (around neck)
Scrolls
 c - 2 scrolls of blinking
 g - 2 scrolls of identify {unknown}
 n - a scroll of silence {unknown}
 r - a scroll of amnesia {unknown}
 t - 2 scrolls of torment {unknown}
 u - a scroll of enchant weapon {unknown}
 y - a scroll of enchant armour {unknown}
Potions
 f - a potion of ambrosia {unknown}
 j - a potion of heal wounds {unknown}
 k - 4 potions of brilliance
 l - 2 potions of magic {unknown}
 o - 2 potions of mutation {unknown}
 p - a potion of might {unknown}
 q - 2 potions of curing
 v - a potion of cancellation {unknown}
 w - a potion of haste {unknown}
 x - a potion of attraction {unknown}


   Skills:
 - Level 2.0 Fighting
 * Level 6.5 Axes
 - Level 0.6 Throwing
 - Level 0.7 Armour
 - Level 1.5 Dodging
 - Level 2.0 Spellcasting
 - Level 3.0 Translocations


You had 7 spell levels left.
You knew the following spells:

 Your Spells              Type           Power      Damage    Failure   Level
a - Blink                 Tloc           18%        N/A       22%         2

Your spell library contained the following spells:

 Spells                   Type           Power      Damage    Failure   Level
 Gell's Gravitas          Tloc           9%         N/A       41%         3
 Lesser Beckoning         Tloc           9%         N/A       41%         3
 Teleport Other           Tloc           9%         N/A       41%         3
 Passwall                 Tmut/Erth      0%         N/A       61%         2
 Poisonous Vapours        Pois/Air       2%         N/A       61%         2
 Frozen Ramparts          Ice            2%         1d2       83%         3
 Ice Form                 Ice/Tmut       1%         N/A       99%         4
 Summon Ice Beast         Ice/Summ       1%         N/A       99%         4
 Manifold Assault         Tloc           9%         N/A       99%         5
 Eringya's Noxious Bog    Tmut/Pois      0%         N/A       100%        6
 Lehudib's Crystal Spear  Conj/Erth      0%         10d2      100%        8


Dungeon Overview and Level Annotations

Branches:
Dungeon (4/15)
 Temple: D:4-7

Altars:
Wu Jian

Shops:
D:4 *

Annotations:
D:2 1 runed translucent door, Crazy Yiuf


Innate Abilities, Weirdness & Mutations

You are completely covered in rugged brown scales. (AC +3, +7% HP)
You have supernaturally acute eyesight. (SInv)
Armour fits poorly on your strangely shaped body.
You can roll at nearby foes to attack.
You have a long armoured tail.


Message History

The water moccasin bites you.
You are more poisoned.
The water moccasin poisons you!
The water moccasin bites you but does no damage.
It was a potion of curing.
You feel better. The water moccasin bites you.
You spin and attack the water moccasin.
You closely miss the water moccasin. You tail-slap the water moccasin.
The water moccasin is lightly wounded.
The water moccasin bites you. The water moccasin barely misses you.
There is an open door, spattered with blood here.
You slash the water moccasin!
The water moccasin is heavily wounded.
You block the water moccasin's attack. The water moccasin bites you.
You barely miss the water moccasin.
The water moccasin is heavily wounded.
The water moccasin bites you.
You are poisoned.
The water moccasin poisons you!
You closely miss the water moccasin.
The water moccasin is heavily wounded.
You feel sick. The water moccasin bites you.
The water moccasin bites you but does no damage.
You barely miss the water moccasin.
Your tail-slap misses the water moccasin.
The water moccasin is heavily wounded.
You feel sick. The water moccasin bites you.
* * * LOW HITPOINT WARNING * * *
You are more poisoned.
The water moccasin poisons you!
You barely miss the water moccasin.
The water moccasin is heavily wounded.
You feel very sick. The water moccasin bites you.
* * * LOW HITPOINT WARNING * * *
You slash the water moccasin!
The water moccasin is almost dead.
* * * LOW HITPOINT WARNING * * *
You feel very sick. The water moccasin bites you!
You die...

........#....#
##.#.# ..#
............##
.. ...
........###..#
... ).......#
##.###
.......##
#...##
####...#
###.†## #...
#...# ..##
###S## ###
#.@.# #(∩.#
#...# ##'##
... ###


You could see a water moccasin.

Vanquished Creatures
  An ogre (D:4)
  A centaur skeleton (D:4)
  Jessica (D:2)
  A howler monkey skeleton (D:4)
  4 adders
  An ufetubus (D:3)
  5 dart slugs
  4 orcs (D:4)
  5 ball pythons
  2 endoplasms
  A giant cockroach (D:2)
  15 goblins
  9 hobgoblins
  7 jackals
  5 quokkas
  3 bats
  A frilled lizard (D:1)
  11 kobolds
  9 rats
86 creatures vanquished.

Notes
Turn   | Place    | Note
-------+----------+-------------------------------------------
     0 | D:1      | ragingrage the Palentonga Warper began the quest for the
                  | Orb.
     0 | D:1      | Reached XP level 1. HP: 17/17 MP: 3/3
   285 | D:1      | Reached XP level 2. HP: 12/23 MP: 5/5
   295 | D:1      | Reached skill level 3 in Axes
   608 | D:1      | HP: 1/23 [goblin (3)]
  1600 | D:2      | Reached XP level 3. HP: 28/28 MP: 6/6
  1728 | D:2      | Noticed Jessica
  1734 | D:2      | Killed Jessica
  1735 | D:2      | Reached skill level 4 in Axes
  1742 | D:2      | Learned a level 2 spell: Blink
  2083 | D:2      | Found a faded altar of an unknown god.
  2165 | D:2      | Found a runed translucent door.
  2166 | D:2      | Noticed Crazy Yiuf
  2206 | D:2      | Prayed at the altar of an unknown god.
  2206 | D:2      | Became a worshipper of the Wu Jian Council
  2206 | D:2      | Reached * piety under Wu Jian
  2364 | D:3      | Reached XP level 4. HP: 24/35 MP: 7/7
  3362 | D:3      | Reached ** piety under Wu Jian
  3452 | D:4      | Reached skill level 5 in Axes
  3470 | D:4      | Got the Almanac of the Mountains and Toxins
  3479 | D:4      | Noticed an ogre
  3483 | D:4      | Killed an ogre
  3484 | D:4      | Reached XP level 5. HP: 5/40 MP: 8/8
  3537 | D:4      | Reached skill level 6 in Axes
  3588 | D:4      | Noticed an ogre
  3697 | D:4      | Reached XP level 6. HP: 36/47 MP: 9/9
  3753 | D:4      | Found Viogiu's Serpentskin Sales.
  3753 | D:4      | Noticed a water moccasin
  3767 | D:4      | Slain by a water moccasin

Illustrated notes

Levels and vault maps discovered:
D:1:      wander_arrival_peaceful_grave, layout_rooms, serial_curves,
          eino_curves_02, eino_curves_04, chequers_serial_rivers_micro_d,
          minmay_heptomino_l4
D:2:      layout_basic, hellmonk_ecumenical_altar_dog_temple, st_stairs_3,
          minmay_goblin_kobold_house, uniq_jessica, uniq_crazy_yiuf_cottage
D:3:      layout_rooms, kennysheep_generic_room_5
D:4:      layout_rooms, guppyfry_shop_venom

Skill      XL: |  1  2  3  4  5 |
---------------+----------------+-----
Axes           | 3 4 5 6 |  6.5
Fighting       | |  2.0
Throwing       | |  0.6
Armour         | |  0.7
Dodging        | |  1.5
Spellcasting   | |  2.0
Translocations | |  3.0

Action                   |  1- 3 |  4- 6 || total
-------------------------+-------+-------++-------
Melee: Hand axe          |   112 |   103 ||   215
       Tailslap          |    15 |    15 ||    30
       Short sword       |    12 |       ||    12
       Dagger            |       |    63 ||    63
 Cast: Blink             |       |     1 ||     1
Invok: Whirlwind         |     1 |    10 ||    11
       Lunge             |       |     9 ||     9
 Abil: Rolling Charge    |    10 |     9 ||    19
       Wall Jump         |       |     5 ||     5
  Use: Potion            |       |     1 ||     1
Armor: Leather armour    |    49 |    56 ||   105
Dodge: Dodged            |    72 |    70 ||   142
Block: Buckler           |     1 |    12 ||    13

Table legend: (Time is in decaauts)
 A = Elapsed time spent in this place.
 B = Non-inter-level travel time spent in this place.
 C = Inter-level travel time spent in this place.
 D = Time resting spent in this place.
 E = Time spent auto-exploring this place.
 F = Levels seen in this place.
 G = Mean time per level.
                   A        B        C        D        E       F      G
               +--------+--------+--------+--------+--------+-----+--------+
         Total |   3804 |   3598 |    206 |    848 |   2044 |   4 |  951.0 |
       Dungeon |   3804 |   3598 |    206 |    848 |   2044 |   4 |  951.0 |
               +--------+--------+--------+--------+--------+-----+--------+

Top non-repeatable levels by time:
     D:1: 1529 daAuts
     D:2: 1239 daAuts
     D:3: 755 daAuts
     D:4: 280 daAuts
